 Dungeon Crawl Stone Soup version 0.29-a0-668-g12ee2bf84d (webtiles) character file.

Game seed: 15509171597639007255

802 buhh the Quickloader (level 8, 0/40 (44) HPs)
             Began as a Kobold Hunter on June 24, 2022.
             Slain by a wight
             ... wielding a +1 great sword
              (4 damage)
             ... on level 7 of the Dungeon.
             The game lasted 00:15:35 (7024 turns).

buhh the Quickloader (Kobold Hunter)                Turns: 7024, Time: 00:15:36

HP:   0/40 (44)     AC:  7    Str:  8    XL:     8   Next: 14%
MP:   8/8           EV: 15    Int: 12    God:
Gold: 384           SH:  0    Dex: 25    Spells: 7/7 levels left

rFire   + . .      SeeInvis .   a - +2 hand crossbow
rCold   . . .      Faith    .   (no shield)
rNeg    . . .      Spirit   .   b - +0 leather armour
rPois   +          Reflect  .   o - +2 hat
rElec   .          Harm     .   (no cloak)
rCorr   .          Rampage  .   g - +1 pair of gloves
Will    .....                   (no boots)
Stlth   +++++.....              q - amulet of the acrobat
HPRegen 0.13/turn               (no ring)
MPRegen 0.11/turn               d - +6 ring of dexterity

@: mighty, drained
A: small, no large weapons, nightstalker 3, fire resistance 1, poison resistance
a: no special abilities


You were on level 7 of the Dungeon.
You visited 1 branch of the dungeon, and saw 7 of its levels.

You collected 384 gold pieces.

Inventory:

Hand Weapons
 a - a +2 hand crossbow (weapon)
 w - a +1 vorpal arbalest
Missiles
 r - 15 poisoned darts
Armour
 b - a +0 leather armour (worn)
 g - a +1 pair of gloves (worn)
 o - a +2 hat (worn)
Jewellery
 c - a ring of poison resistance
 d - a +6 ring of dexterity (right hand)
 e - a ring of protection from cold
 q - an amulet of the acrobat (around neck)
Scrolls
 Q - 2 scrolls of fog
 T - 2 scrolls of immolation {!d}
 Z - a scroll of enchant armour
Potions
 l - 2 potions of invisibility {unknown}
 s - 3 potions of brilliance {unknown}
 u - a potion of attraction {unknown}
 v - a potion of lignification {unknown}
 N - 2 potions of curing {!q!d}
 U - a potion of mutation {!d}


   Skills:
 * Level 2.2 Fighting
 + Level 9.5 Crossbows
 - Level 2.4 Dodging
 - Level 8.6 Stealth


You had 7 spell levels left.
You didn't know any spells.
Your spell library contained the following spells:

 Spells                   Type           Power      Damage    Failure   Level
 Shock                    Conj/Air       0%         1d3       43%         1
 Summon Small Mammal      Summ           0%         N/A       43%         1
 Static Discharge         Conj/Air       0%         N/A       58%         2
 Call Canine Familiar     Summ           0%         N/A       82%         3
 Summon Guardian Golem    Hex/Summ       0%         N/A       82%         3
 Swiftness                Air            0%         N/A       82%         3
 Airstrike                Air            0%         N/A       99%         4
 Dispel Undead            Necr           0%         3d6       99%         4
 Sticky Flame             Conj/Fire      0%         2d3       99%         4
 Summon Ice Beast         Ice/Summ       0%         N/A       99%         4
 Summon Mana Viper        Hex/Summ       0%         N/A       100%        5
 Monstrous Menagerie      Summ           0%         N/A       100%        7


Dungeon Overview and Level Annotations

Branches:
Dungeon (7/15) Zot: 26267
 Temple: D:4-7

Altars:
Gozag
Qazlal

Annotations:
D:4 exclusion: hound, Blork the orc, Grinder


Innate Abilities, Weirdness & Mutations

You are small and have problems with some larger weapons.
You are completely attuned to the shadows.
Your flesh is heat resistant. (rF+)
Your system is resistant to poisons. (rPois)


Message History

Aim: a wight, wielding a +1 great sword and wearing a +0 robe (71% to hit)
You shoot a bolt. The bolt closely misses the wight.
The wight hits you with a +1 great sword!
You feel drained.
* * * LOW HITPOINT WARNING * * *
The wight barely misses you. The wight attacks as you move away!
The wight barely misses you. The wight misses you. The wight misses you.
Really quaff
N - 3 potions of curing {!q!d}?
You feel better. The wight closely misses you. x2
Shoot: a) +2 hand crossbow
Press: ? - help, Q - select action, (/) - cycle Shift-Dir - straight line, f/p - wight
Aim: a wight, wielding a +1 great sword and wearing a +0 robe (71% to hit)
You shoot a bolt. The bolt hits the wight!
The wight is heavily damaged.
The wight misses you. The wight barely misses you.
Shoot: a) +2 hand crossbow
Press: ? - help, Q - select action, (/) - cycle Shift-Dir - straight line, f/p - wight
Aim: a wight, wielding a +1 great sword and wearing a +0 robe (heavily damaged, 71% to hit)
You shoot a bolt. The bolt barely misses the wight.
The wight hits you with a +1 great sword.
The wight misses you.
Shoot: a) +2 hand crossbow
Press: ? - help, Q - select action, (/) - cycle Shift-Dir - straight line, f/p - wight
Aim: a wight, wielding a +1 great sword and wearing a +0 robe (heavily damaged, 71% to hit)
You shoot a bolt.
The bolt hits the wight but does no damage.
The wight is heavily damaged.
The wight barely misses you. The wight misses you.
Shoot: a) +2 hand crossbow
Press: ? - help, Q - select action, (/) - cycle Shift-Dir - straight line, f/p - wight
Aim: a wight, wielding a +1 great sword and wearing a +0 robe (heavily damaged, 71% to hit)
You shoot a bolt. The bolt hits the wight.
The wight is almost destroyed.
The wight closely misses you.
The wight hits you with a +1 great sword!
* * * LOW HITPOINT WARNING * * *
You feel drained.
You die...

##..########..#
#..## ##.##
##..# #..# #..##
#..# ##.## #..##
##..# #...#
....## #...##
##...## #....#
##...# #@...#
F.....## #zz..#
#####..## #.....
##..## ##<....
#...# #.......
##..####........
##..#..........
##...#>.......
#.####...


You could see 2 wights.

Vanquished Creatures
  Edmund (D:6)
  2 centaurs
  A bullfrog (D:6)
  A kobold brigand (D:7)
  2 scorpions
  A hound (D:7)
  2 orc wizards (D:5)
  4 iguanas
  An adder (D:3)
  A white imp (D:5)
  2 dart slugs (D:1)
  9 orcs
  6 endoplasms
  2 giant cockroaches
  4 goblins
  A hobgoblin (D:1)
  6 jackals
  3 quokkas
  2 ball pythons (D:1)
  6 bats
  2 frilled lizards
  A hobgoblin zombie (D:5)
  9 kobolds
  2 orc zombies (D:5)
  6 rats
77 creatures vanquished.

Vanquished Creatures (others)
  A fungus (D:1)
  A plant (D:1)
2 creatures vanquished.

Grand Total: 79 creatures vanquished

Notes
Turn   | Place    | Note
-------+----------+-------------------------------------------
     0 | D:1      | buhh the Kobold Hunter began the quest for the Orb.
     0 | D:1      | Reached XP level 1. HP: 12/12 MP: 1/1
   128 | D:1      | Reached XP level 2. HP: 11/17 MP: 2/2
   724 | D:1      | Reached XP level 3. HP: 21/21 MP: 3/3
  1177 | D:1      | Found a faded altar of an unknown god.
  1354 | D:2      | Reached skill level 6 in Crossbows
  2250 | D:3      | Noticed a scorpion
  2315 | D:3      | Killed a scorpion
  2316 | D:3      | Reached XP level 4. HP: 21/26 MP: 4/4
  2316 | D:3      | Reached XP level 5. HP: 24/30 MP: 5/5
  2716 | D:4      | Noticed Grinder
  2757 | D:4      | Found an opulent altar of Gozag.
  2928 | D:4      | Noticed Blork the orc
  3037 | D:4      | Reached skill level 7 in Crossbows
  3232 | D:4      | Noticed a centaur
  3243 | D:4      | Killed a centaur
  3244 | D:4      | Reached XP level 6. HP: 15/35 MP: 6/6
  4397 | D:5      | Entered Level 5 of the Dungeon
  4638 | D:5      | Reached skill level 8 in Crossbows
  4866 | D:5      | Reached XP level 7. HP: 19/40 MP: 7/7
  5881 | D:5      | Noticed an acid dragon
  6184 | D:5      | Noticed Edmund
  6221 | D:6      | Gained mutation: Your mind is acute. (Int +4, Str/Dex-1)
                  | [potion of mutation]
  6221 | D:6      | Gained mutation: Your flesh is heat resistant. (rF+)
                  | [potion of mutation]
  6221 | D:6      | Lost mutation: Your mind is acute. (Int +4, Str/Dex-1)
                  | [potion of mutation]
  6221 | D:6      | Gained mutation: Your system is resistant to poisons.
                  | (rPois) [potion of mutation]
  6247 | D:6      | Killed Edmund
  6248 | D:6      | Reached skill level 9 in Crossbows
  6276 | D:6      | Found a stormy altar of Qazlal.
  6299 | D:7      | Reached XP level 8. HP: 21/44 MP: 8/8
  6887 | D:7      | Identified the +7 scimitar of the Witching Gods {vorpal,
                  | *Noise Str+6 Dex+6}
  7024 | D:7      | Slain by a wight

Illustrated notes

Levels and vault maps discovered:
D:1:      amcnicky_arrival_choice, layout_basic,
          shapermc_ecumenical_altar_acropolis, serial_bayou,
          serial_bayou_ford_a, serial_bayou_pond_b, serial_bayou_lake_a,
          serial_bayou_pond_b
D:2:      layout_basic, kennysheep_generic_room_14
D:3:      layout_rooms
D:4:      layout_gridville, nicolae_gozag_seed_capital, uniq_blork_the_orc,
          uniq_grinder
D:5:      layout_rooms, minmay_mini_ossuary, uniq_edmund
D:6:      layout_loops_ring, kennysheep_little_box,
          minmay_temple_entry_junction_2
D:7:      minmay_the_grid_four_pointed_star
          [minmay_the_grid_triangle_9x9_negative_grid,
          minmay_the_grid_triangle_9x9_limited_checkers,
          minmay_the_grid_triangle_9x9_checkered,
          minmay_the_grid_triangle_9x9_zippers_vertical,
          minmay_the_grid_prize_big_room], layout_cave_pods,
          mainiacjoe_overflow_24_doors

Skill      XL: |  1  2  3  4  5  6  7 |
---------------+----------------------+-----
Stealth        | 2 4 5 7 8 |  8.6
Crossbows      | 6 7 8 9 |  9.5
Fighting       | |  2.2
Dodging        | |  2.4

Action                   |  1- 3 |  4- 6 |  7- 9 || total
-------------------------+-------+-------+-------++-------
 Fire: Hand crossbow     |    65 |    63 |    98 ||   226
Evoke: Wand              |     3 |     6 |     3 ||    12
  Use: Scroll            |       |     9 |     2 ||    11
       Potion            |       |       |    10 ||    10
Armor: Leather armour    |     5 |    20 |    27 ||    52
Dodge: Dodged            |    21 |    36 |    68 ||   125

Table legend: (Time is in decaauts)
 A = Elapsed time spent in this place.
 B = Non-inter-level travel time spent in this place.
 C = Inter-level travel time spent in this place.
 D = Time resting spent in this place.
 E = Time spent auto-exploring this place.
 F = Levels seen in this place.
 G = Mean time per level.
                   A        B        C        D        E       F      G
               +--------+--------+--------+--------+--------+-----+--------+
         Total |   7119 |   6615 |    504 |   1888 |   3752 |   7 | 1017.0 |
       Dungeon |   7119 |   6615 |    504 |   1888 |   3752 |   7 | 1017.0 |
               +--------+--------+--------+--------+--------+-----+--------+

Top non-repeatable levels by time:
     D:4: 1970 daAuts
     D:1: 1372 daAuts
     D:5: 1187 daAuts
     D:3: 1016 daAuts
     D:2: 747 daAuts
     D:7: 724 daAuts
     D:6: 100 daAuts
